Cogmind - Beta 13 @@@ ROGUE MODE // 2024.07.09 @ 08:46:18 Player: Azormik Result: Destroyed by G-34 Mercenary with Small Laser Performance ------------- Evolutions (1) 500 Regions Visited (2) 400 Robots Destroyed (31) 155 Value Destroyed (399) 399 Prototype IDs (0) 0 Alien Tech Used (0) 0 Bonus (18) 18 TOTAL SCORE: 1472 Bonus ------- High Alert Combat Kills 18 Cogmind --------- Core Integrity 0/400 Matter 286/300 Energy 100/100 System Corruption 2% Temperature Cool (7) Movement Core (200) Ox3 Location -9/Materials Parts ------- > --- POWER (1) -------- (None) > --- PROPULSION (2) --- (None) > --- UTILITY (4) ------ Medium Storage Unit Signal Interpreter > --- WEAPON (2) ------- Light Assault Rifle > --- INVENTORY (10) --- Light Ion Engine Light Ion Engine Medium Storage Unit Seismic Detector Datajack Peak State ------------ > --- POWER ------------ Light Ion Engine > --- PROPULSION ------- Wheel Wheel > --- UTILITY ---------- Medium Storage Unit Signal Interpreter Improved Terrain Scanner Seismic Detector > --- WEAPON ----------- Medium Laser Datajack > --- INVENTORY -------- Light Ion Engine Wheel Medium Storage Unit Seismic Detector Medium Laser [Rating: 11] Favorites ----------- Power Light Ion Engine Engine Light Ion Engine Propulsion Wheel Wheel Wheel Utility Medium Storage Unit Device Seismic Detector Storage Medium Storage Unit Processor Signal Interpreter Weapon Medium Laser Energy Gun Medium Laser Ballistic Gun Light Assault Rifle Launcher Grenade Launcher Special Melee Weapon Datajack Build | -11 -10 -9 ------- Run | Yrd Mat Mat Slots Evolved 2 | . . 2 Power . | . . . Propulsion . | . . . Utility 2 | . . 2 Weapon . | . . . Parts Attached 31 | 7 7 17 Power 3 | 1 1 1 Engine 3 | 1 1 1 Core . | . . . Reactor . | . . . Propulsion 9 | 2 2 5 Treads . | . . . Leg . | . . . Wheel 9 | 2 2 5 Hover . | . . . Flight . | . . . Utility 6 | 2 2 2 Device 3 | 1 . 2 Storage 2 | 1 1 . Processor 1 | . 1 . Hackware . | . . . Protection . | . . . Artifact . | . . . Weapon 13 | 2 2 9 Energy Gun 7 | 2 2 3 Energy Cannon . | . . . Ballistic Gun 3 | . . 3 Ballistic Cannon . | . . . Launcher 1 | . . 1 Special Weapon . | . . . Impact Weapon . | . . . Slashing Weapon . | . . . Piercing Weapon . | . . . Special Melee Weapon 2 | . . 2 Unidentified Prototypes . | . . . Parts Lost 13 | . . 13 Power 2 | . . 2 Propulsion 4 | . . 4 Utility 2 | . . 2 Weapon 5 | . . 5 Highest Loss Streak 6 | . . 6 To Critical Strikes . | . . . Average Slot Usage (%) 82 | . 95 77 Engine 9 | . 13 8 Wheel 18 | . 25 15 Device 10 | . 6 12 Storage 11 | . 14 11 Processor 10 | . 7 11 Energy Gun 15 | . 27 10 Ballistic Gun 1 | . . 2 Special Melee Weapon 3 | . . 5 Naked Turns . | . . . Heaviest Build 19 | 13 18 19 Greatest Support 32 | 20 20 32 Greatest Overweight (x) 4 | 1 4 4 Average Overweight (x) . | . . . Largest Inventory Capacity 10 | 8 10 10 Average Capacity 9 | 7 9 10 Most Carried 10 | 7 10 9 Average Carried 5 | 4 8 6 Final Capacity 10 | 8 10 10 Final Carried 10 | 7 10 5 Class Distribution -------------------- 67% | Mutant 32% | Scavenger-Mutant Dominant Class ---------------- Mutant | -10/Materials Scavenger-Mutant | -9/Materials Resources | -11 -10 -9 ----------- Run | Yrd Mat Mat Matter Collected 558 | 270 . 288 Remotely . | . . . Salvage Created 853 | 283 13 557 Parts 56 | 17 5 34 Haulers Intercepted . | . . . Recyclers Shooed 5 | . . 5 Parts Field Recycled . | . . . Retrieved Matter . | . . . Parts Self-Destructed . | . . . Prevented . | . . . Kills | -11 -10 -9 ------- Run | Yrd Mat Mat Combat Hostiles Destroyed 15 | . . 15 Guns 11 | . . 11 AOE 3 | . . 3 Classes Destroyed 7 | 3 1 3 Worker 2 | 2 . . Tunneler 9 | 9 . . Recycler 4 | 1 . 3 Watcher 1 | . 1 . Swarmer 10 | . . 10 Grunt 4 | . . 4 Sentry 1 | . . 1 Best Kill Streak 4 | 4 1 4 Combat Bots Only 4 | . . 4 Max Kills in Single Turn 1 | 1 1 1 Gunslinging . | . . . Exploded 1 | . . 1 Melee . | . . . Uniques/NPCs Destroyed . | . . . Combat | -11 -10 -9 -------- Run | Yrd Mat Mat Hostile Shots Fired 151 | . . 151 Missed 38 | . . 38 Damage Taken 1254 | . . 1254 Core 411 | . . 411 Absorbed by Shields . | . . . Core Remaining (%) 100 | 100 100 . Volleys Fired 137 | 58 2 77 Largest 2 | 2 2 2 Hottest 100 | 90 90 100 Shots Fired 154 | 59 3 92 Gun 146 | 59 3 84 Cannon . | . . . Launcher 8 | . . 8 Special . | . . . Kinetic 31 | . . 31 Thermal 110 | 58 2 50 Explosive 8 | . . 8 Electromagnetic 5 | 1 1 3 Robot Hit Streak 11 | 6 1 11 Robot Miss Streak 4 | 3 1 4 Penetration Max . | . . . Secondary Targets . | . . . Shots Hit Robots 106 | 40 1 65 Core Hits 42 | 13 1 28 Critical Kills 1 | . . 1 Critical Parts Destroyed . | . . . Critical Strikes 8 | 2 . 6 Burn 7 | 2 . 5 Destroy 1 | . . 1 Melee Attacks 5 | . . 5 Impact . | . . . Slashing . | . . . Piercing . | . . . Sneak Attacks 3 | . . 3 Combat Hostiles . | . . . Follow-up Attacks . | . . . Damage Inflicted 1428 | 512 24 892 Guns 1209 | 512 24 673 Cannons . | . . . Explosions 219 | . . 219 Melee . | . . . Ramming . | . . . Kinetic 211 | . . 211 Thermal 950 | 500 . 450 Explosive 219 | . . 219 Electromagnetic 48 | 12 24 12 Impact . | . . . Slashing . | . . . Piercing . | . . . Highest Corruption 2 | . . 2 Average Corruption 2 | . . 2 Corruption Purged . | . . . Corruption Blocked . | . . . Overload Shots . | . . . Overflow Damage 13 | . . 13 Projectiles . | . . . Explosions 13 | . . 13 Melee . | . . . Knockbacks . | . . . Impact . | . . . Kinetic . | . . . Secondary . | . . . Self-Inflicted Damage 54 | . . 54 Shots 2 | . . 2 Rammed 1 | . . 1 Targets Rammed 1 | . . 1 Kicked . | . . . Crushed . | . . . Highest Temperature 160 | 160 30 150 Average Temperature 48 | 57 14 37 Received Heat Transfer 477 | . . 477 Siege Activations . | . . . Robots Corrupted . | . . . Combat Hostiles . | . . . Parts Fried . | . . . Impact Corruptions . | . . . Robots Melted 1 | . . 1 Combat Hostiles 1 | . . 1 Parts Melted 6 | 3 . 3 Heat Transferred 3330 | 1628 . 1702 Parts Sabotaged . | . . . Parts Stolen . | . . . Parts Stripped . | . . . Power Chain Reactions . | . . . Alert | -11 -10 -9 ------- Run | Yrd Mat Mat Peak Influence 426 | 60 66 426 Initial 39 | . 39 27 Average 145 | 27 58 262 Maximum Alert Level 2 | . . 2 Low Security (%) 63 | 100 100 24 Level 1 33 | . . 70 Level 2 2 | . . 5 Level 3 . | . . . Level 4 . | . . . Level 5 . | . . . High Security . | . . . Max Security . | . . . Squads Dispatched 2 | . . 2 Investigation . | . . . Extermination . | . . . Reinforcement 2 | . . 2 Assault . | . . . Garrison . | . . . Intercept . | . . . Searches Triggered . | . . . Construction Impeded 1 | . . 1 Haulers Reinforced . | . . . Active Scanning Responses . | . . . Cargo Convoy Interrupts . | . . . Stealth | -11 -10 -9 --------- Run | Yrd Mat Mat Distress Signals 1 | . . 1 Communications Jammed . | . . . Distress Signals . | . . . Times Spotted 22 | . 1 21 Peak Tracking Total 7 | . 1 7 Tactical Retreats 3 | . . 3 Traps | -11 -10 -9 ------- Run | Yrd Mat Mat Traps Triggered 2 | . 2 . Indirectly . | . . . Trap Hack Attempts . | . . . Triggered . | . . . Disarmed . | . . . Reprogrammed . | . . . Reused . | . . . Traps Extracted . | . . . Installed . | . . . Triggered . | . . . Machines | -11 -10 -9 ---------- Run | Yrd Mat Mat Machines Disabled . | . . . Max in Single Turn . | . . . Machines Repaired . | . . . Machines Dismantled . | . . . Machines Sabotaged . | . . . Overloaded Fab Kills . | . . . Hacking | -11 -10 -9 --------- Run | Yrd Mat Mat Machines Accessed 1 | . 1 . Terminals 1 | . 1 . Fabricators . | . . . Repair Stations . | . . . Recycling Units . | . . . Scanalyzers . | . . . Garrison Access . | . . . Total Hacks 4 | . 4 . Successful 2 | . 2 . Failed 2 | . 2 . Catastrophic . | . . . Database Lockouts . | . . . Manual . | . . . Terminals 4 | . 4 . Fabricators . | . . . Repair Stations . | . . . Recycling Units . | . . . Scanalyzers . | . . . Garrison Access . | . . . Terminal Hacks 2 | . 2 . Locate Traps 1 | . 1 . Zone Layout 1 | . 1 . Fabricator Hacks . | . . . Repair Station Hacks . | . . . Recycling Unit Hacks . | . . . Scanalyzer . | . . . Garrison Access Hacks . | . . . Unauthorized Hacks . | . . . Terminals . | . . . Fabricators . | . . . Repair Stations . | . . . Recycling Units . | . . . Scanalyzers . | . . . Garrison Access . | . . . Data Cores Recovered . | . . . Used . | . . . Hacking Detections . | . . . Full Trace Events . | . . . Feedback Events . | . . . Feedback Blocked . | . . . Robot Schematics Acquired . | . . . Robots Built . | . . . Authchips . | . . . Time . | . . . Total Robot Build Rating . | . . . Part Schematics Acquired . | . . . Parts Built . | . . . Authchips . | . . . Time . | . . . Total Part Build Rating . | . . . Parts Repaired . | . . . Time . | . . . Parts Recycled . | . . . Recycled Matter . | . . . Retrieved Matter . | . . . Retrieved Components . | . . . Parts Scanalyzed . | . . . Part Schematics Acquired . | . . . Parts Damaged . | . . . Bothacking | -11 -10 -9 ------------ Run | Yrd Mat Mat Used RIF Installer . | . . . Robots Hacked 3 | . . 3 Non-combat 1 | . . 1 Combat 2 | . . 2 Robot Hacks Applied 5 | . . 5 parse_system 4 | . . 4 no_distress 1 | . . 1 Relay Couplers Released . | . . . Fabnet Peak Effective % . | . . . Robots Rewired . | . . . Allies Hacked . | . . . Hacks Repelled . | . . . Allies | -11 -10 -9 -------- Run | Yrd Mat Mat Total Allies . | . . . Largest Group . | . . . Highest-Rated Group . | . . . Highest-Rated Ally . | . . . Total Orders . | . . . Ally Attacks . | . . . Total Damage . | . . . Kills . | . . . Allies Corrupted . | . . . Allies Melted . | . . . Intel | -11 -10 -9 ------- Run | Yrd Mat Mat Robot Analysis Total . | . . . Derelict Logs Recovered . | . . . Drone Launches . | . . . Drone Recoveries . | . . . Exploration | -11 -10 -9 ------------- Run | Yrd Mat Mat Turns Passed 873 | 298 158 417 Spaces Moved 544 | 205 167 172 Core 21 | 5 3 13 Treads . | . . . Legs . | . . . Wheels 523 | 200 164 159 Hover . | . . . Flight . | . . . Fastest Speed 50 | 50 80 80 Average Speed 85 | 79 82 96 Slowest Speed 250 | 100 250 250 Overloaded Moves . | . . . Propulsion Burnouts . | . . . Robots Hopped . | . . . Cave-ins Triggered . | . . . Exploration Rate (%) 11 | 5 23 7 Regions Visited 2 Branch Regions . Pre-discovered Areas . | . . . Known Exits Taken 1 | . 1 . Unknown Exits Taken 1 | 1 . . Scrap Searched . | . . . Spaces Dug . | . . . Terrain Destroyed 43 | . . 43 Melee . | . . . Projectile . | . . . AOE 43 | . . 43 Terrain Rammed . | . . . Walls Destroyed . | . . . Machines Disabled . | . . . Actions | -11 -10 -9 --------- Run | Yrd Mat Mat Total 788 | 276 181 331 Wait 53 | . . 53 Move 542 | 204 166 172 Hop . | . . . Pick Up 14 | 7 4 3 Fast Attach 14 | 7 5 2 Attach 8 | . . 8 Detach . | . . . Swap 9 | . 2 7 Drop 5 | . 2 3 Fire 137 | 58 2 77 Melee 5 | . . 5 Ram 1 | . . 1 Kick . | . . . Crush . | . . . Escape Stasis . | . . . Rewire . | . . . Trap . | . . . Miscellaneous . | . . . Route ------- -11/Scrapyard -10/Materials -9/Materials History --------- Turn | Location | Event 2 | -11/Scrapyard | Met Revision 17 21 | -11/Scrapyard | Discovered new exit (range 16) 299 | -11/Scrapyard | Entered Materials 300 | -10/Materials | Build established: Mutant 432 | -10/Materials | Discovered new exit (range 4) 436 | -10/Materials | Identified exit to Materials 457 | -10/Materials | Entered another Materials area 457 | -9/Materials | Evolved 2 slots: Utility x2 711 | -9/Materials | Lost 3 parts (1p1u1w) 807 | -9/Materials | Core integrity fell below 50% 848 | -9/Materials | Lost 6 parts (1p2n1u2w) 861 | -9/Materials | Core integrity fell below 20% 874 | -9/Materials | Destroyed by G-34 Mercenary with Small Laser Last Messages --------------- Acquired 2 matter. Acquired 1 matter. K-01 Serf collects debris. Acquired 1 matter. K-01 Serf collects debris. Acquired 1 matter. K-01 Serf collects debris. Acquired 1 matter. G-34 Mercenary destroyed. Acquired 1 matter. K-01 Serf collects debris. Acquired 1 matter. G-34 Mercenary destroyed. K-01 Serf collects debris. Acquired 1 matter. Lgt. Assault Rifle destroyed. K-01 Serf destroyed. Slammed into Y-45 Defender. Destabilizing: System corrupted (+2). Acquired Lgt. Assault Rifle. Map ----- +----------------------------------------------------+ | ?????????????????????????????????????????????????? | | ?????????????????????????????????????????????????? | | ?????????????????????????????????????????????????? | | ?????????????????????????????????????????????????? | | ?????????????????????????????????????????????????? | | ??????????????????????? ???????????????????????? | | ?????????????????????? ??????????????????????? | | ??????????????????????# #??????????????????????? | | ??????????????????????# #??????????????????????? | | ???????????????"??????# #??????????????????????? | | ??????????????????????# #??????????????????????? | | ??????????????????????# #??????????????????????? | | ??????????????????????# #??????????????????????? | | ???????????????? ? # #??????????????????????? | | ???????????????? ? # ##?????????????????????? | | ????????????????? # ##???????????#?????????? | | ?????????????????? # g%#?????#?? ?????????????? | | ??????????????????? # #??????#??? ??????????? | | ?????????? ##########+# ###?#??????????#???????? | | ???????? #????????##??????????? | | ????????! % #??????? ????????????? | | ???????? %[ #????????????????????? | | ???????????###+##########r*%#? ??????????????????? | | ????????????????????????# = #???????? ??????????? | | ???????????????????#????# #?? ???? ?? ?????????? | | ?????????????????#??##??#@ %########?????????????? | | ??????????? ? ???######## = # #?##??#???????? | | ??????????? ?????# *=%!#=* # """#??????? ?????? | | ??????????? ?????# !!!%#Y% # """#? ???????????? | | ?????????????????# ! *%+=% += """#?????????????? | | ?????????????????# ! !!#= %# #?????????????? | | ??????????????? # # ! # #?? ??????????? | | ????????????#???## # % ######## ????????????? | | ?????????????????########! ##???????????????? | | ??????????????????## # # #?? ?? ?????????? | | ???????????????#???#### # [ #???????#???????? | | ????????????#?????????# ####+#####??????? ???????? | | ??????????????????????## # #????????????????? | | ?????????????????#?#???### #????#?"?????????? | | ??????????????????????#??# """ #???#????????????? | | ?????????????#???????????# """ #????????????????? | | ???????????????????#?????# """ #????????????????? | | ?????????????????????????# #????????????????? | | ?????????????????????????########????????????????? | | | | | | | | | | | | | +----------------------------------------------------+ Best States ------------- Heat Dissipation 28 Energy Generation 10 Energy Capacity 125 Matter Stores 300 Matter Capacity 300 Sight Range 16 Terrain Scan Range 16 Terrain Scan Density 10 Evasion (%) 44 Item Schematics ----------------- None Robot Schematics ------------------ None Fabricated ------------ Nothing Alien Tech Used ----------------- None Achievements -------------- None Challenges ------------ None Game ------ Seed DrainedWarpMegatreads Manual? 0 Play Time 00:22:44 Cumulative 78.6 hours Start 2024.07.09 @ 08:23:22 End 2024.07.09 @ 08:46:18 Sessions 1 Manual Loads 0 Difficulty Rogue Special Mode None Game No. 80 Rogue 71 Adventurer 9 Explorer 0 Win Type - Total 0 Types 0/0/0/0/0/0/0/0/0 Lore% 28 Gallery% 26 Achievement% 23 Wizard Run 0 Options --------- Layout 0 ASCII 1 Keyboard 0 Movement Arrows Keybinds 0 Fullscreen 2 Font 18/SmallcapsGlow Map View 76x50 Zoom Use 0% Tactical HUD 0 Map Filters NONE Filters NONE Steam 1 RUN: c6f3b7ae-33c3-43f2-b9a7-0a85ddd06e0d